 Dungeon Crawl Stone Soup version 0.26-a0-651-gb41185065b (webtiles) character file.

Game seed: 16377921569715458796

23 Lanoc the Scratcher (level 2, -2/14 HPs)
             Began as a Felid Fighter on Oct 19, 2020.
             Slain by an ooze (3 damage)
             ... on level 2 of the Dungeon.
             The game lasted 00:01:04 (582 turns).

Lanoc the Scratcher (Felid Fighter)                  Turns: 582, Time: 00:01:05

Health: -2/14      AC:  1    Str: 12    XL:     2   Next: 75%
Magic:  3/3        EV: 19    Int:  9    God:
Gold:   22         SH:  0    Dex: 15    Spells: 1/1 levels left
                                        Lives:  0   Deaths: 0

rFire    . . .     SeeInvis +     - Unarmed
rCold    . . .     Faith    .   (shield unavailable)
rNeg     . . .     Spirit   .   (armour unavailable)
rPois    .         Reflect  .   (helmet unavailable)
rElec    .         Harm     .   (cloak unavailable)
rCorr    .         Rampage  .   (gloves unavailable)
MR       .....                  (boots unavailable)
Stlth    ++........             (no amulet)
HPRegen  0.04/turn              (no ring)
MPRegen  0.08/turn              (no ring)

@: quick
A: very small, no armour, no weapons or thrown items, stealth, claws 1, fangs 3,
see invisible, speed 1, shaggy fur 1, sharp paws
a: no special abilities


You were on level 2 of the Dungeon.
You visited 1 branch of the dungeon, and saw 3 of its levels.

You collected 22 gold pieces.

Inventory:

Scrolls
 c - a scroll of teleportation {unknown}
 d - a scroll of blinking {unknown}
Potions
 a - a potion of might
 b - a potion of flight {unknown}
 e - a potion of heal wounds {unknown}


   Skills:
 + Level 3.2 Fighting
 + Level 4.3 Dodging
 + Level 1.2 Stealth
 * Level 4.3 Unarmed Combat


You had one spell level left.
You didn't know any spells.
Your spell library was empty.

Dungeon Overview and Level Annotations

Branches:
Dungeon (3/15)

Altars:


Innate Abilities, Weirdness & Mutations

You cannot wear armour.
You are incapable of wielding weapons or throwing items.
Your paws allow you to move quietly. (Stealth)
You have sharp claws.
You have razor-sharp teeth.
You have supernaturally acute eyesight. (SInv)
You cover ground quickly.
You are covered in fur. (AC +1)
Your sharp claws are effective at attacking unaware monsters.


Message History

An orc is nearby!
The orc hits you with a +0 whip.
* * * LOW HITPOINT WARNING * * *
You claw the orc!
You kill the orc!
An ooze comes into view.
The ooze quivers.
The ooze misses you. The ooze closely misses you.
There is a stone staircase leading up here.
The ooze barely misses you.
You climb upwards.
A goblin comes into view. It is wielding a +0 dagger.
The goblin shouts!
Found a scroll labeled TILUAN AXUTSID and a scroll labeled FOBBESK RONIODUASY.
There is a stone staircase leading down here.
You barely miss the ooze. You bite the ooze.
The ooze is lightly wounded.
The ooze hits you.
You die...

. ..
##########...
#........?...
###..........#
.......@.....#
###....J....?#
#####......#
#......#
#......#
#g.....#
#......#
#......#


You could see an ooze and a goblin.

Vanquished Creatures
  An adder (D:3)
  A dart slug (D:1)
  A leopard gecko (D:3)
  3 orcs (D:3)
  4 bats
10 creatures vanquished.

Notes
Turn   | Place    | Note
-------+----------+-------------------------------------------
     0 | D:1      | Lanoc the Felid Fighter began the quest for the Orb.
     0 | D:1      | Reached XP level 1. HP: 10/10 MP: 2/2
   146 | D:3      | Reached XP level 2. HP: 6/14 MP: 3/3
   165 | D:3      | Reached skill level 1 in Stealth
   582 | D:2      | Slain by an ooze

Illustrated notes

Levels and vault maps discovered:
D:1:      minmay_arrival_open_corners, layout_basic
D:2:      wad_crossroads, layout_basic
D:3:      layout_loops_corners, hangedman_decor_clover_reticule,
          minmay_quadrilaterals

Skill      XL: |  1  2 |
---------------+-------+-----
Stealth        | 1 |  1.2
Fighting       | |  3.2
Dodging        | |  4.3
Unarmed Combat | |  4.3

Action                   || total
-------------------------++-------
Melee: Unarmed           ||    31
       Bite              ||     2
Armor: Skin              ||     4
Dodge: Dodged            ||    24

Table legend: (Time is in decaauts)
 A = Elapsed time spent in this place.
 B = Non-inter-level travel time spent in this place.
 C = Inter-level travel time spent in this place.
 D = Time resting spent in this place.
 E = Time spent auto-exploring this place.
 F = Levels seen in this place.
 G = Mean time per level.
                   A        B        C        D        E       F      G
               +--------+--------+--------+--------+--------+-----+--------+
         Total |    529 |    529 |      0 |      4 |    402 |   3 |  176.3 |
       Dungeon |    529 |    529 |      0 |      4 |    402 |   3 |  176.3 |
               +--------+--------+--------+--------+--------+-----+--------+

Top non-repeatable levels by time:
     D:3: 479 daAuts
     D:1: 44 daAuts
     D:2: 6 daAuts
